SL
ATHLETIC CLUB KC ATHLETICS @ TOLEDO TITANS
09/19/2018
 
TOP OF THE 1ST
Athletic Club KC Athletics batting - Pitching for Toledo Titans : RHP Chip Bishop
Pitching: RHP Chip Bishop
Batting: SHB David Henderson 0-0: Ball
1-0: Ground out 4-3 (Groundball, 4)
Batting: RHB Yoshio Matsuo 0-0: Ball
1-0: Ball
2-0: Ground out 5-3 (Groundball, 5L)
Batting: LHB Emílio Sáenz 0-0: Ball
1-0: Ball
2-0: Called Strike
2-1: Ground out U3 (Groundball, 3S)
Top of the 1st over - 0 run(s), 0 hit(s), 0 error(s), 0 left on base; Athletic Club KC 0 - Toledo 0
BOTTOM OF THE 1ST
Toledo Titans batting - Pitching for Athletic Club KC Athletics : RHP Curt Clarke
Pitching: RHP Curt Clarke
Batting: RHB Brad Brown 0-0: Called Strike
0-1: Ball
1-1: Foul Ball, location: 2F
1-2: Foul Ball, location: 2F
1-2: Ball
2-2: Ball
3-2: DOUBLE (Groundball, 5L)
Batting: RHB Sherman Davis 0-0: Called Strike
0-1: Ball
1-1: Called Strike
1-2: Foul Ball, location: 2F
1-2: Ball
2-2: Ball
3-2: Base on Balls
Batting: LHB Michael Neely 0-0: Swinging Strike
0-1: Ball
1-1: Swinging Strike
1-2: Foul Ball, location: 2F
1-2: Fly out, F6 (Popup, 6MD)
Batting: RHB Enrique Pérez 0-0: Called Strike
0-1: Ball
1-1: Foul Ball, location: 2F
1-2: Fly out, F7 (Flyball, 78D)
Batting: LHB Herman Hayes 0-0: Foul Ball, location: 2F
0-1: Ground out U3 (Groundball, 3L)
Bottom of the 1st over - 0 run(s), 1 hit(s), 0 error(s), 2 left on base; Athletic Club KC 0 - Toledo 0
TOP OF THE 2ND
Athletic Club KC Athletics batting - Pitching for Toledo Titans : RHP Chip Bishop
Batting: LHB Chris Rice 0-0: Fly out, F9 (Flyball, 9D)
Batting: RHB Harry Fuller 0-0: Ball
1-0: Foul Ball, location: 2F
1-1: Ball
2-1: Ball
3-1: Called Strike
3-2: Foul Ball, location: 2F
3-2: Strikes out looking
Batting: RHB Ramón Souza 0-0: Ball
1-0: Swinging Strike
1-1: Ball
2-1: Ball
3-1: Called Strike
3-2: DOUBLE (Groundball, 5L)
Batting: RHB Vicente Díaz 0-0: Ball
1-0: Fly out, F6 (Popup, 56)
Top of the 2nd over - 0 run(s), 1 hit(s), 0 error(s), 1 left on base; Athletic Club KC 0 - Toledo 0
BOTTOM OF THE 2ND
Toledo Titans batting - Pitching for Athletic Club KC Athletics : RHP Curt Clarke
Batting: LHB Salvador Vidal 0-0: Ball
1-0: Fly out, F8 (Flyball, 89S)
Batting: LHB David Martínez 0-0: Foul Ball, location: 2F
0-1: Ground out 4-3 (Groundball, 4)
Batting: LHB Nathan Santos 0-0: Fly out, F2 (Popup, 25F)
Bottom of the 2nd over - 0 run(s), 0 hit(s), 0 error(s), 0 left on base; Athletic Club KC 0 - Toledo 0
TOP OF THE 3RD
Athletic Club KC Athletics batting - Pitching for Toledo Titans : RHP Chip Bishop
Batting: RHB Cory Staton 0-0: Ball
1-0: Fly out, F6 (Popup, 6D)
Batting: RHB Curt Clarke 0-0: Ball
1-0: Swinging Strike
1-1: Ball
2-1: Swinging Strike
2-2: Strikes out swinging
Batting: SHB David Henderson 0-0: Ball
1-0: Called Strike
1-1: Fly out, F2 (Popup, 2RF)
Top of the 3rd over - 0 run(s), 0 hit(s), 0 error(s), 0 left on base; Athletic Club KC 0 - Toledo 0
BOTTOM OF THE 3RD
Toledo Titans batting - Pitching for Athletic Club KC Athletics : RHP Curt Clarke
Batting: RHB Chip Bishop 0-0: Ball
1-0: Foul Ball, location: 2F
1-1: Foul Ball, location: 2F
1-2: Foul Ball, location: 2F
1-2: Foul Ball, location: 2F
1-2: Strikes out looking
Batting: RHB Brad Brown 0-0: Swinging Strike
0-1: Ball
1-1: Foul Ball, location: 2F
1-2: Ground out 5-3 (Groundball, 56)
Batting: RHB Sherman Davis 0-0: Ball
1-0: Ball
2-0: Called Strike
2-1: DOUBLE (Flyball, 9LD)
Batting: LHB Michael Neely 0-0: Called Strike
0-1: Called Strike
0-2: Strikes out looking
Bottom of the 3rd over - 0 run(s), 1 hit(s), 0 error(s), 1 left on base; Athletic Club KC 0 - Toledo 0
TOP OF THE 4TH
Athletic Club KC Athletics batting - Pitching for Toledo Titans : RHP Chip Bishop
Batting: RHB Yoshio Matsuo 0-0: Ball
1-0: Ball
2-0: Fly out, F6 (Popup, 56D)
Batting: LHB Emílio Sáenz 0-0: Called Strike
0-1: Ball
1-1: Ball
2-1: Ground out 4-3 (Groundball, 4)
Batting: LHB Chris Rice 0-0: Ball
1-0: Foul Ball, location: 2F
1-1: Ground out 6-3 (Groundball, 6M)
Top of the 4th over - 0 run(s), 0 hit(s), 0 error(s), 0 left on base; Athletic Club KC 0 - Toledo 0
BOTTOM OF THE 4TH
Toledo Titans batting - Pitching for Athletic Club KC Athletics : RHP Curt Clarke
Batting: RHB Enrique Pérez 0-0: SINGLE (Flyball, 4D)
Batting: LHB Herman Hayes 0-0: Ball
1-0: Foul Ball, location: 2F
1-1: Ball
2-1: Ball
3-1: Foul Ball, location: 2F
3-2: SINGLE (Flyball, 7S)
Enrique Pérez to second
Batting: LHB Salvador Vidal 0-0: Ball
1-0: Swinging Strike
1-1: Grounds into double play, 6-4-3 (Groundball, 6)
Enrique Pérez to third
Batting: LHB David Martínez 0-0: Called Strike
0-1: Swinging Strike
0-2: Strikes out swinging
Bottom of the 4th over - 0 run(s), 2 hit(s), 0 error(s), 1 left on base; Athletic Club KC 0 - Toledo 0
TOP OF THE 5TH
Athletic Club KC Athletics batting - Pitching for Toledo Titans : RHP Chip Bishop
Batting: RHB Harry Fuller 0-0: Called Strike
0-1: Ball
1-1: Called Strike
1-2: Ground out 6-3 (Groundball, 6MS)
Batting: RHB Ramón Souza 0-0: Called Strike
0-1: Swinging Strike
0-2: Strikes out swinging
Batting: RHB Vicente Díaz 0-0: Swinging Strike
0-1: DOUBLE (Flyball, 78D)
Batting: RHB Cory Staton 0-0: Intentional Walk
Batting: RHB Curt Clarke 0-0: Called Strike
0-1: Fly out, F9 (Flyball, 9LM)
Top of the 5th over - 0 run(s), 1 hit(s), 0 error(s), 2 left on base; Athletic Club KC 0 - Toledo 0
BOTTOM OF THE 5TH
Toledo Titans batting - Pitching for Athletic Club KC Athletics : RHP Curt Clarke
Batting: LHB Nathan Santos 0-0: Ball
1-0: Ball
2-0: Called Strike
2-1: Foul Ball, location: 2F
2-2: Ball
3-2: Base on Balls
Batting: RHB Chip Bishop 0-0: Ball
1-0: Ball
2-0: Sac Bunt - play at second, runner OUT! 3-6
Batting: RHB Brad Brown 0-0: Ball
1-0: Called Strike
1-1: Foul Ball, location: 2F
1-2: Foul Ball, location: 2F
1-2: Ball
2-2: Ball
3-2: Fly out, F3 (Popup, 3SF)
Batting: RHB Sherman Davis 0-0: Ball
1-0: Ground out U3 (Groundball, 3S)
Bottom of the 5th over - 0 run(s), 0 hit(s), 0 error(s), 1 left on base; Athletic Club KC 0 - Toledo 0
TOP OF THE 6TH
Athletic Club KC Athletics batting - Pitching for Toledo Titans : RHP Chip Bishop
Batting: SHB David Henderson 0-0: Ball
1-0: Called Strike
1-1: Ground out U3 (Groundball, 3)
Batting: RHB Yoshio Matsuo 0-0: Ball
1-0: Ball
2-0: Called Strike
2-1: Ball
3-1: Called Strike
3-2: Foul Ball, location: 2F
3-2: Strikes out looking
Batting: LHB Emílio Sáenz 0-0: Called Strike
0-1: Fly out, F7 (Flyball, 7D)
Top of the 6th over - 0 run(s), 0 hit(s), 0 error(s), 0 left on base; Athletic Club KC 0 - Toledo 0
BOTTOM OF THE 6TH
Toledo Titans batting - Pitching for Athletic Club KC Athletics : RHP Curt Clarke
Batting: LHB Michael Neely 0-0: Ball
1-0: Ball
2-0: Foul Ball, location: 2F
2-1: Called Strike
2-2: SOLO HOME RUN (Flyball, 89XD), Distance : 430 ft
Batting: RHB Enrique Pérez 0-0: Ball
1-0: Ball
2-0: Ground out 4-3 (Groundball, 6M)
Batting: LHB Herman Hayes 0-0: Ball
1-0: Called Strike
1-1: Foul Ball, location: 2F
1-2: Foul Ball, location: 2F
1-2: Ball
2-2: Fly out, F8 (Flyball, 8LXD)
Batting: LHB Salvador Vidal 0-0: Foul Ball, location: 2F
0-1: Ball
1-1: DOUBLE (Flyball, 7LM)
Pitching: RHP Craig Moody
Batting: LHB David Martínez 0-0: Called Strike
0-1: Ball
1-1: Swinging Strike
1-2: Foul Ball, location: 2F
1-2: Ball
2-2: Strikes out swinging
Bottom of the 6th over - 1 run(s), 2 hit(s), 0 error(s), 1 left on base; Athletic Club KC 0 - Toledo 1
TOP OF THE 7TH
Athletic Club KC Athletics batting - Pitching for Toledo Titans : RHP Chip Bishop
Batting: LHB Chris Rice 0-0: Called Strike
0-1: Swinging Strike
0-2: Ball
1-2: Ground out 4-3 (Groundball, 4)
Batting: RHB Harry Fuller 0-0: Ball
1-0: SINGLE (Line Drive, 56D)
Batting: RHB Ramón Souza 0-0: Called Strike
0-1: Ball
1-1: Foul Ball, location: 2F
1-2: Ball
2-2: Strikes out swinging
Batting: RHB Vicente Díaz 0-0: Called Strike
0-1: Ball
1-1: Ball
2-1: Ball
3-1: Ground out 5-3 (Groundball, 5S)
Top of the 7th over - 0 run(s), 1 hit(s), 0 error(s), 1 left on base; Athletic Club KC 0 - Toledo 1
BOTTOM OF THE 7TH
Toledo Titans batting - Pitching for Athletic Club KC Athletics : RHP Craig Moody
Pitching: LHP Tim Harris
Now in LF: Rick Atkinson
Batting: LHB Nathan Santos 0-0: SINGLE (Line Drive, 6MD)
Pitching: RHP Manuel Núñez
Batting: RHB Chip Bishop 0-0: Ball
1-0: Sac Bunt - play at first, batter OUT! 1-4
Nathan Santos to second
Batting: RHB Brad Brown 0-0: Ground out 5-3 (Groundball, 56)
Batting: RHB Sherman Davis 0-0: Ball
1-0: Called Strike
1-1: Called Strike
1-2: Foul Ball, location: 2F
1-2: Ball
2-2: Strikes out looking
Bottom of the 7th over - 0 run(s), 1 hit(s), 0 error(s), 1 left on base; Athletic Club KC 0 - Toledo 1
TOP OF THE 8TH
Athletic Club KC Athletics batting - Pitching for Toledo Titans : RHP Chip Bishop
Batting: RHB Cory Staton 0-0: Foul Ball, location: 2F
0-1: Swinging Strike
0-2: Foul Ball, location: 2F
0-2: Fly out, F4 (Popup, 4M)
Batting: RHB Rick Atkinson 0-0: Ball
1-0: Called Strike
1-1: Ball
2-1: Ground out 5-3 (Groundball, 56)
Batting: SHB David Henderson 0-0: Called Strike
0-1: Ball
1-1: SINGLE (Line Drive, 89S)
Pinch Hitting: LHB Tony Reynolds 0-0: Ball
1-0: Called Strike
1-1: Foul Ball, location: 2F
1-2: Ball
2-2: Ball
3-2: Foul Ball, location: 2F
3-2: Strikes out swinging
Top of the 8th over - 0 run(s), 1 hit(s), 0 error(s), 1 left on base; Athletic Club KC 0 - Toledo 1
BOTTOM OF THE 8TH
Toledo Titans batting - Pitching for Athletic Club KC Athletics : RHP Manuel Núñez
Now at SS: Lawrence Washington
Batting: LHB Michael Neely 0-0: Ball
1-0: Ball
2-0: Swinging Strike
2-1: Swinging Strike
2-2: Ball
3-2: SOLO HOME RUN (Flyball, 9LD), Distance : 447 ft
Batting: RHB Enrique Pérez 0-0: SINGLE (Flyball, 8LS)
Batting: LHB Herman Hayes 0-0: Called Strike
0-1: Called Strike
0-2: Foul Ball, location: 2F
0-2: Ball
1-2: Ball
2-2: Foul Ball, location: 2F
2-2: Ball
3-2: Foul Ball, location: 2F
3-2: Base on Balls
Enrique Pérez to second
Batting: LHB Salvador Vidal 0-0: Called Strike
0-1: Ball
1-1: Ball
2-1: Ground out 5-3 (Groundball, 5S)
Enrique Pérez to third
Herman Hayes to second
Batting: LHB David Martínez 0-0: Ball
1-0: Swinging Strike
1-1: Ball
2-1: Foul Ball, location: 2F
2-2: DOUBLE (Flyball, 89XD)
Enrique Pérez scores
Herman Hayes scores
Pitching: RHP Chip Scott
Batting: LHB Nathan Santos 0-0: Called Strike
0-1: Swinging Strike
0-2: Ball
1-2: Foul Ball, location: 2F
1-2: Strikes out swinging
Batting: RHB Chip Bishop 0-0: Ball
1-0: Called Strike
1-1: Fly out, F8 (Flyball, 8RXD)
Bottom of the 8th over - 3 run(s), 3 hit(s), 0 error(s), 1 left on base; Athletic Club KC 0 - Toledo 4
TOP OF THE 9TH
Athletic Club KC Athletics batting - Pitching for Toledo Titans : RHP Chip Bishop
Batting: LHB Emílio Sáenz 0-0: Swinging Strike
0-1: Swinging Strike
0-2: Foul Ball, location: 2F
0-2: SINGLE (Line Drive, 4MD)
Pitching: RHP Adrián Ramos
Batting: LHB Chris Rice 0-0: Ball
1-0: Ball
2-0: Fly out, F7 (Flyball, 7M)
Batting: RHB Harry Fuller 0-0: Ball
1-0: Foul Ball, location: 2F
1-1: Swinging Strike
1-2: Ball
2-2: Strikes out swinging
Pinch Hitting: RHB Steve Brandon 0-0: Fielders Choice at 2nd, 5-4 (Groundball, 5)
Top of the 9th over - 0 run(s), 1 hit(s), 0 error(s), 0 left on base; Athletic Club KC 0 - Toledo 4
This league is powered by Out of the Park Baseball, the baseball management simulation game for PC, Mac and Linux
Monday, May 4th, 2015 - OOTP Baseball 15.6 Build 34